APP
SAN FRANCISCO (APP) GIANTS @ SAN DIEGO (APP) PADRES
07/06/2044
 
TOP OF THE 1ST
San Francisco (APP) Giants batting - Pitching for San Diego (APP) Padres : RHP Sean Fowler
Pitching: RHP Sean Fowler
Batting: SHB David Barona 0-0: Ball
1-0: SOLO HOME RUN (Flyball, 9D, EV 101.3 MPH), Distance : 373 ft
Batting: RHB Frank Pena 0-0: Called Strike
0-1: Ball
1-1: Foul Ball, location: 2F
1-2: Foul Ball, location: 2F
1-2: Hit by Pitch
Batting: RHB Jason Gregor 0-0: Ball
1-0: Ball
2-0: Called Strike
2-1: Ball
3-1: Base on Balls
Frank Pena to second
Batting: RHB Edwin Verdugo 0-0: Called Strike
0-1: Swinging Strike
0-2: Ball
1-2: Ball
2-2: Strikes out swinging
Batting: RHB Teruhide Horiuchi 0-0: Called Strike
Frank Pena steals 3rd base
0-1: Fielders Choice at 2nd, 5-4 (Groundball, 56, EV 97.5 MPH)
Frank Pena scores
Batting: LHB Steve Nevis 0-0: DOUBLE (Flyball, 89XD, EV 106.9 MPH)
Teruhide Horiuchi to third
Batting: RHB Ed Broomhead 0-0: Called Strike
0-1: Ground out 1-3 (Groundball, 13S, EV 67.5 MPH)
Top of the 1st over - 2 runs, 2 hits, 0 errors, 2 left on base; San Francisco (APP) 2 - San Diego (APP) 0
BOTTOM OF THE 1ST
San Diego (APP) Padres batting - Pitching for San Francisco (APP) Giants : LHP Jack Klein
Pitching: LHP Jack Klein
Batting: SHB Yutaro Takahashi 0-0: Ball
1-0: Called Strike
1-1: Foul Ball, location: 2F
1-2: Ball
2-2: Strikes out swinging, 2-3 out at first.
Batting: LHB Phil Lerner 0-0: Ball
1-0: Ball
2-0: Called Strike
2-1: Foul Ball, location: 2F
2-2: Foul Ball, location: 2F
2-2: Strikes out swinging
Batting: RHB Antonio Lara 0-0: Ball
1-0: Foul Ball, location: 2F
1-1: Foul Ball, location: 2F
1-2: Hit by Pitch
Batting: RHB Freddie Brown 0-0: Ball
1-0: Ball
2-0: Called Strike
2-1: Ball
3-1: Base on Balls
Antonio Lara to second
Batting: RHB Aaron Joseph 0-0: 3-RUN HOME RUN (Flyball, 7D, EV 100.0 MPH), Distance : 385 ft
Batting: LHB Hugo MacBeth 0-0: Ball
1-0: Ball
2-0: Called Strike
2-1: Foul Ball, location: 2F
2-2: Ball
3-2: Foul Ball, location: 2F
3-2: Base on Balls
Batting: RHB Max Stillo 0-0: Swinging Strike
0-1: Ground out 4-3 (Groundball, 4, EV 81.9 MPH)
Bottom of the 1st over - 3 runs, 1 hit, 0 errors, 1 left on base; San Francisco (APP) 2 - San Diego (APP) 3
TOP OF THE 2ND
San Francisco (APP) Giants batting - Pitching for San Diego (APP) Padres : RHP Sean Fowler
Batting: RHB Sadataka Kuwahara 0-0: Swinging Strike
0-1: Reached on error, E4 (Groundball, 4, EV 103.8 MPH)
Batting: RHB Alexis Andrade 0-0: Ball
Sadataka Kuwahara steals 2nd base
1-0: Swinging Strike
1-1: Foul Ball, location: 2F
1-2: Ball
2-2: Strikes out looking
Batting: SHB David Barona 0-0: Swinging Strike
0-1: Ball
1-1: Foul Ball, location: 2F
1-2: Strikes out looking
Batting: RHB Frank Pena 0-0: Called Strike
0-1: TRIPLE (Line Drive, 8RXD, EV 98.8 MPH)
Sadataka Kuwahara scores
Batting: RHB Jason Gregor 0-0: Ball
1-0: Fly out, F8 (Flyball, 8LD, EV 101.3 MPH)
Top of the 2nd over - 1 run, 1 hit, 1 error, 1 left on base; San Francisco (APP) 3 - San Diego (APP) 3
BOTTOM OF THE 2ND
San Diego (APP) Padres batting - Pitching for San Francisco (APP) Giants : LHP Jack Klein
Batting: RHB Tyler West 0-0: Foul Ball, location: 2F
0-1: Swinging Strike
0-2: Ball
1-2: Strikes out swinging
Batting: LHB Rogelio Nunez 0-0: Called Strike
0-1: Ball
1-1: Foul Ball, location: 2F
1-2: Foul Ball, location: 2F
1-2: Strikes out swinging
Batting: SHB Yutaro Takahashi 0-0: Ball
1-0: Ball
2-0: Ball
3-0: Called Strike
3-1: Base on Balls
Batting: LHB Phil Lerner 0-0: Ball
Yutaro Takahashi steals 2nd base
1-0: Foul Ball, location: 2F
1-1: DOUBLE (Line Drive, 3D, EV 95.0 MPH)
Yutaro Takahashi scores
Batting: RHB Antonio Lara 0-0: Called Strike
0-1: Ball
1-1: DOUBLE (Line Drive, 78XD, EV 108.8 MPH)
Phil Lerner scores
Batting: RHB Freddie Brown 0-0: Fly out, F8 (Line Drive, 8RD, EV 96.3 MPH)
Bottom of the 2nd over - 2 runs, 2 hits, 0 errors, 1 left on base; San Francisco (APP) 3 - San Diego (APP) 5
TOP OF THE 3RD
San Francisco (APP) Giants batting - Pitching for San Diego (APP) Padres : RHP Sean Fowler
Batting: RHB Edwin Verdugo 0-0: Called Strike
0-1: Ball
1-1: Foul Ball, location: 2F
1-2: Ball
2-2: Strikes out looking
Batting: RHB Teruhide Horiuchi 0-0: Called Strike
0-1: Ball
1-1: Swinging Strike
1-2: Ball
2-2: Strikes out swinging
Batting: LHB Steve Nevis 0-0: Ball
1-0: SINGLE (Groundball, 56S, EV 70.0 MPH) (infield hit)
Batting: RHB Ed Broomhead 0-0: Ball
Steve Nevis steals 2nd base
1-0: DOUBLE (Flyball, 89D, EV 111.9 MPH)
Steve Nevis scores
Batting: RHB Sadataka Kuwahara 0-0: Foul Ball, location: 2F
0-1: Called Strike
0-2: Strikes out swinging
Top of the 3rd over - 1 run, 2 hits, 0 errors, 1 left on base; San Francisco (APP) 4 - San Diego (APP) 5
BOTTOM OF THE 3RD
San Diego (APP) Padres batting - Pitching for San Francisco (APP) Giants : LHP Jack Klein
Batting: RHB Aaron Joseph 0-0: Called Strike
0-1: Called Strike
0-2: Ball
1-2: Fly out, F7 (Flyball, 78M, EV 91.9 MPH)
Batting: LHB Hugo MacBeth 0-0: Ball
1-0: Ball
2-0: Ball
3-0: Base on Balls
Batting: RHB Max Stillo 0-0: Foul Ball, location: 2F
0-1: Called Strike
0-2: Ball
1-2: SINGLE (Groundball, 56, EV 103.1 MPH) (infield hit)
Hugo MacBeth to second
Batting: RHB Tyler West 0-0: Called Strike
0-1: Called Strike
0-2: Ball
1-2: SINGLE (Groundball, 34D, EV 110.0 MPH)
Hugo MacBeth to third
Max Stillo to second
Batting: LHB Rogelio Nunez 0-0: Called Strike
0-1: Ball
1-1: Called Strike
1-2: Strikes out swinging
Batting: SHB Yutaro Takahashi 0-0: Called Strike
0-1: SINGLE (Groundball, 56D, EV 108.1 MPH)
Hugo MacBeth scores
Max Stillo to third
Tyler West to second
Runner from 3rd tries for Home, SAFE, throw by LF to home
Pitching: LHP Gil Longoria
Batting: LHB Phil Lerner 0-0: Fielders Choice at 2nd, 6-4 (Groundball, 6, EV 78.1 MPH)
Bottom of the 3rd over - 2 runs, 3 hits, 0 errors, 2 left on base; San Francisco (APP) 4 - San Diego (APP) 7
TOP OF THE 4TH
San Francisco (APP) Giants batting - Pitching for San Diego (APP) Padres : RHP Sean Fowler
Batting: RHB Alexis Andrade 0-0: Foul Ball, location: 2F
0-1: Ball
1-1: SINGLE (Groundball, 56D, EV 106.3 MPH)
Batting: SHB David Barona 0-0: Called Strike
0-1: Ball
1-1: Swinging Strike
1-2: Foul Ball, location: 2F
1-2: Foul Ball, location: 2F
1-2: Strikes out swinging
Batting: RHB Frank Pena 0-0: Foul Ball, location: 2F
0-1: Ball
1-1: Called Strike
1-2: Strikes out swinging
Batting: RHB Jason Gregor 0-0: DOUBLE (Line Drive, 5D, EV 103.8 MPH)
Alexis Andrade to third
Runner from 3rd tries for Home, SAFE, throw by LF to trailing runner, OUT at third! 7-3-5
Top of the 4th over - 1 run, 2 hits, 0 errors, 0 left on base; San Francisco (APP) 5 - San Diego (APP) 7
BOTTOM OF THE 4TH
San Diego (APP) Padres batting - Pitching for San Francisco (APP) Giants : LHP Gil Longoria
Batting: RHB Antonio Lara 0-0: SINGLE (Line Drive, 78S, EV 108.8 MPH)
Batting: RHB Freddie Brown 0-0: Swinging Strike
0-1: Swinging Strike
0-2: Ball
1-2: Fielders Choice at 2nd, 6-4 (Groundball, 6, EV 102.5 MPH)
Batting: RHB Aaron Joseph 0-0: Called Strike
0-1: Swinging Strike
0-2: Strikes out swinging
Batting: LHB Hugo MacBeth 0-0: Foul Ball, location: 2F
0-1: Fly out, F9 (Flyball, 9LD, EV 103.1 MPH)
Bottom of the 4th over - 0 runs, 1 hit, 0 errors, 1 left on base; San Francisco (APP) 5 - San Diego (APP) 7
TOP OF THE 5TH
San Francisco (APP) Giants batting - Pitching for San Diego (APP) Padres : RHP Sean Fowler
Batting: RHB Edwin Verdugo 0-0: Called Strike
0-1: Fly out, F7 (Flyball, 7, EV 88.1 MPH)
Batting: RHB Teruhide Horiuchi 0-0: Ball
1-0: Ball
2-0: SINGLE (Flyball, 5D, EV 91.9 MPH)
Pitching: LHP Kenny Cohn
Pinch Hitting: RHB Pedro Quezada 0-0: Called Strike
0-1: Ball
1-1: Ball
2-1: Ball
3-1: Base on Balls
Teruhide Horiuchi to second
Batting: RHB Ed Broomhead 0-0: Called Strike
0-1: Fielders Choice at 2nd, 4-6 (Groundball, 4, EV 78.8 MPH)
Teruhide Horiuchi to third
Batting: RHB Sadataka Kuwahara 0-0: Foul Ball, location: 2F
0-1: Called Strike
0-2: Ball
1-2: Ball
2-2: Foul Ball, location: 2F
2-2: Foul Ball, location: 2F
2-2: Strikes out looking
Top of the 5th over - 0 runs, 1 hit, 0 errors, 2 left on base; San Francisco (APP) 5 - San Diego (APP) 7
BOTTOM OF THE 5TH
San Diego (APP) Padres batting - Pitching for San Francisco (APP) Giants : LHP Gil Longoria
Now in RF: David Andrews
Batting: RHB Max Stillo 0-0: Called Strike
0-1: Foul Ball, location: 2F
0-2: Ground out 6-3 (Groundball, 6, EV 85.0 MPH)
Batting: RHB Tyler West 0-0: Ball
1-0: Foul Ball, location: 2F
1-1: Ground out 4-3 (Groundball, 4, EV 106.3 MPH)
Batting: LHB Rogelio Nunez 0-0: Ball
1-0: Ball
2-0: Foul Ball, location: 2F
2-1: Hit by Pitch
Batting: SHB Yutaro Takahashi 0-0: Called Strike
0-1: Foul Ball, location: 2F
0-2: DOUBLE (Flyball, 78XD, EV 98.1 MPH)
Rogelio Nunez to third
Batting: LHB Phil Lerner 0-0: TRIPLE (Flyball, 89XD, EV 106.9 MPH)
Rogelio Nunez scores
Yutaro Takahashi scores
Batting: RHB Antonio Lara 0-0: Foul Ball, location: 2F
0-1: Ball
1-1: Foul Ball, location: 2F
1-2: SINGLE (Flyball, 7S, EV 95.0 MPH)
Phil Lerner scores
Pitching: RHP Chance Robinson
Batting: RHB Freddie Brown 0-0: Called Strike
0-1: Foul Ball, location: 2F
0-2: Ball
1-2: Ball
2-2: Ball
3-2: Base on Balls
Antonio Lara to second
Batting: RHB Aaron Joseph 0-0: Called Strike
0-1: Foul Ball, location: 2F
0-2: Ball
1-2: Ball
2-2: SINGLE (Groundball, 4MD, EV 101.3 MPH)
Antonio Lara to third
Freddie Brown to second
Runner from 3rd tries for Home, SAFE, throw by CF to home
Batting: LHB Hugo MacBeth 0-0: Ball
1-0: Ball
2-0: Ball
3-0: Called Strike
3-1: Base on Balls
Freddie Brown to third
Aaron Joseph to second
Batting: RHB Max Stillo 0-0: Ball
Wild Pitch!
Freddie Brown scores
Aaron Joseph to third
Hugo MacBeth to second
1-0: Foul Ball, location: 2F
1-1: DOUBLE (Line Drive, 7LM, EV 110.6 MPH)
Aaron Joseph scores
Hugo MacBeth scores
Batting: RHB Tyler West 0-0: Called Strike
0-1: DOUBLE (Flyball, 8RXD, EV 108.8 MPH)
Max Stillo scores
Pitching: RHP Nick McDade
Batting: LHB Rogelio Nunez 0-0: Swinging Strike
0-1: Swinging Strike
0-2: Ground out 1-3 (Groundball, 25, EV 75.0 MPH)
Bottom of the 5th over - 8 runs, 6 hits, 0 errors, 1 left on base; San Francisco (APP) 5 - San Diego (APP) 15
TOP OF THE 6TH
San Francisco (APP) Giants batting - Pitching for San Diego (APP) Padres : LHP Kenny Cohn
Batting: RHB Alexis Andrade 0-0: Ball
1-0: Foul Ball, location: 2F
1-1: Foul Ball, location: 2F
1-2: Foul Ball, location: 2F
1-2: Strikes out swinging, 2-3 out at first.
Batting: SHB David Barona 0-0: Ball
1-0: Swinging Strike
1-1: Called Strike
1-2: Ball
2-2: Strikes out swinging
Batting: RHB Frank Pena 0-0: Swinging Strike
0-1: Ball
1-1: Foul Ball, location: 2F
1-2: Strikes out swinging
Top of the 6th over - 0 runs, 0 hits, 0 errors, 0 left on base; San Francisco (APP) 5 - San Diego (APP) 15
BOTTOM OF THE 6TH
San Diego (APP) Padres batting - Pitching for San Francisco (APP) Giants : RHP Nick McDade
Batting: SHB Yutaro Takahashi 0-0: Swinging Strike
0-1: Swinging Strike
0-2: Strikes out looking
Batting: LHB Phil Lerner 0-0: Ball
1-0: Foul Ball, location: 2F
1-1: Called Strike
1-2: Ball
2-2: Fly out, F6 (Popup, 6, EV 76.9 MPH)
Batting: RHB Antonio Lara 0-0: SINGLE (Line Drive, 78S, EV 94.4 MPH)
Batting: RHB Freddie Brown 0-0: Called Strike
0-1: Ball
Wild Pitch!
Antonio Lara to second
1-1: Swinging Strike
1-2: Ball
2-2: Ball
3-2: Fly out, F6 (Flyball, 6D, EV 83.8 MPH)
Bottom of the 6th over - 0 runs, 1 hit, 0 errors, 1 left on base; San Francisco (APP) 5 - San Diego (APP) 15
TOP OF THE 7TH
San Francisco (APP) Giants batting - Pitching for San Diego (APP) Padres : LHP Kenny Cohn
Batting: RHB Jason Gregor 0-0: Ball
1-0: Called Strike
1-1: Swinging Strike
1-2: Strikes out looking
Batting: RHB Edwin Verdugo 0-0: Ball
1-0: Called Strike
1-1: Foul Ball, location: 2F
1-2: Ball
2-2: Strikes out swinging
Batting: RHB Teruhide Horiuchi 0-0: Ball
1-0: Called Strike
1-1: SINGLE (Groundball, 4D, EV 107.5 MPH)
Batting: RHB David Andrews 0-0: Foul Ball, location: 2F
0-1: Swinging Strike
0-2: Strikes out swinging
Top of the 7th over - 0 runs, 1 hit, 0 errors, 1 left on base; San Francisco (APP) 5 - San Diego (APP) 15
BOTTOM OF THE 7TH
San Diego (APP) Padres batting - Pitching for San Francisco (APP) Giants : RHP Nick McDade
Batting: RHB Aaron Joseph 0-0: Called Strike
0-1: Ground out 5-3 (Groundball, 56, EV 102.5 MPH)
Batting: LHB Hugo MacBeth 0-0: Ball
1-0: Reached on error, E5 (Groundball, 5, EV 80.0 MPH)
Batting: RHB Max Stillo 0-0: Foul Ball, location: 2F
0-1: DOUBLE (Line Drive, 9LD, EV 101.9 MPH)
Hugo MacBeth to third
Runner from 3rd tries for Home, SAFE, throw by RF to trailing runner, SAFE at third!
Batting: RHB Tyler West 0-0: Ball
1-0: Called Strike
1-1: Called Strike
1-2: Foul Ball, location: 2F
1-2: Foul Ball, location: 2F
1-2: DOUBLE (Groundball, 5L, EV 107.5 MPH)
Max Stillo scores
Batting: LHB Rogelio Nunez 0-0: Ball
1-0: Ball
2-0: Swinging Strike
2-1: Called Strike
2-2: Strikes out swinging
Batting: SHB Yutaro Takahashi 0-0: Swinging Strike
0-1: Ball
1-1: Ball
2-1: Ball
3-1: Foul Ball, location: 2F
3-2: Strikes out looking
Bottom of the 7th over - 2 runs, 2 hits, 1 error, 1 left on base; San Francisco (APP) 5 - San Diego (APP) 17
TOP OF THE 8TH
San Francisco (APP) Giants batting - Pitching for San Diego (APP) Padres : LHP Kenny Cohn
Pitching: RHP Brian McDaniel
Batting: RHB Ed Broomhead 0-0: Ball
1-0: Ball
2-0: Fly out, F4 (Line Drive, 4, EV 70.0 MPH)
Batting: RHB Sadataka Kuwahara 0-0: Swinging Strike
0-1: Ball
1-1: Called Strike
1-2: Strikes out swinging
Batting: RHB Alexis Andrade 0-0: Fly out, F9 (Flyball, 9S, EV 86.9 MPH)
Top of the 8th over - 0 runs, 0 hits, 0 errors, 0 left on base; San Francisco (APP) 5 - San Diego (APP) 17
BOTTOM OF THE 8TH
San Diego (APP) Padres batting - Pitching for San Francisco (APP) Giants : RHP Nick McDade
Pitching: RHP Hiroaki Yazawa
Batting: LHB Phil Lerner 0-0: Ball
1-0: Swinging Strike
1-1: Swinging Strike
1-2: Foul Ball, location: 2F
1-2: Ball
2-2: Strikes out looking
Batting: RHB Antonio Lara 0-0: Foul Ball, location: 2F
0-1: Ground out 4-3 (Groundball, 4S, EV 87.5 MPH)
Batting: RHB Freddie Brown 0-0: Ball
1-0: Foul Ball, location: 2F
1-1: Ball
2-1: Foul Ball, location: 2F
2-2: Strikes out swinging
Bottom of the 8th over - 0 runs, 0 hits, 0 errors, 0 left on base; San Francisco (APP) 5 - San Diego (APP) 17
TOP OF THE 9TH
San Francisco (APP) Giants batting - Pitching for San Diego (APP) Padres : RHP Brian McDaniel
Batting: SHB David Barona 0-0: Ball
1-0: Called Strike
1-1: Ball
2-1: TRIPLE (Flyball, 78XD, EV 99.4 MPH)
Batting: RHB Frank Pena 0-0: Called Strike
0-1: Fly out, F9 (Flyball, 89M, EV 89.4 MPH)
Batting: RHB Jason Gregor 0-0: Ball
1-0: Foul Ball, location: 2F
1-1: Ball
2-1: Foul Ball, location: 2F
2-2: Ball
3-2: Foul Ball, location: 2F
3-2: Base on Balls
Batting: RHB Edwin Verdugo 0-0: Called Strike
0-1: Ball
1-1: Ball
2-1: Foul Ball, location: 2F
2-2: Strikes out looking
Batting: RHB Teruhide Horiuchi 0-0: Hit by Pitch
Jason Gregor to second
Batting: RHB David Andrews 0-0: Ball
1-0: Foul Ball, location: 2F
1-1: Ball
2-1: Fielders Choice at 2nd, 5-4 (Groundball, 5, EV 91.9 MPH)
Top of the 9th over - 0 runs, 1 hit, 0 errors, 3 left on base; San Francisco (APP) 5 - San Diego (APP) 17
Thursday, March 31st , 2022 - OOTP Baseball 22.12 Build 89